 Dungeon Crawl Stone Soup version 0.21.1-1-g345015f (webtiles) character file.

142 JrNeurotic the Grave Robber (level 5, -7/35 HPs)
             Began as a Mummy Necromancer on July 9, 2018.
             Was an Elder of Uskayaw.
             Shot with an arrow by a centaur (9 damage)
             ... on level 3 of the Dungeon.
             The game lasted 00:28:47 (2379 turns).

JrNeurotic the Grave Robber (Mummy Necromancer)     Turns: 2379, Time: 00:28:48

Health: -7/35      AC:  3    Str: 11    XL:     5   Next: 3%
Magic:  4/12       EV: 12    Int: 16    God:    Uskayaw [****..]
Gold:   147        SH:  0    Dex: 12    Spells: 11/13 levels left

rFire    x . .     SeeInvis .   f - +2 short sword (speed)
rCold    + + .     Gourm    .   (no shield)
rNeg     + + +     Faith    .   j - +0 robe
rPois    ∞         Spirit   .   (no helmet)
rElec    .         Reflect  .   (no cloak)
rCorr    .         Harm     .   o - +0 pair of gloves
MR       +....                  (no boots)
Stlth    ++........             a - amulet of regeneration
HPRegen  0.51/turn              c - ring of protection from cold
MPRegen  0.13/turn              e - ring of protection from magic

@: no status effects
A: no food or potions, fire vulnerability, cold resistance 1, negative energy
resistance 3, torment resistance, unbreathing
a: Stomp, Line Pass, Renounce Religion


You were on level 3 of the Dungeon.
You worshipped Uskayaw.
Uskayaw was noncommittal.
You were not hungry.

You visited 1 branch of the dungeon, and saw 3 of its levels.

You collected 147 gold pieces.

Inventory:

Hand Weapons
 f - a +2 short sword of speed (weapon)
Missiles
 g - 25 poisoned needles
Armour
 h - a +0 pair of gloves
 j - a +0 robe (worn)
 o - a +0 pair of gloves (worn)
Jewellery
 a - an amulet of regeneration (around neck)
 c - a ring of protection from cold (left hand)
 e - a ring of protection from magic (right hand)
 k - an uncursed ring of ice
Wands
 p - a wand of random effects (6)
Scrolls
 d - a scroll of identify
 i - a scroll of fog
 n - a scroll of teleportation
Books
 b - a book of Necromancy

   Spells                             Type                      Level
   a - Pain                           Necromancy                   1
   b - Animate Skeleton               Necromancy                   1
   c - Vampiric Draining              Necromancy                   3
   d - Regeneration                   Charms/Necromancy            3
   e - Animate Dead                   Necromancy                   4
   f - Borgnjor's Vile Clutch         Necromancy/Earth             5
 m - a book of Cantrips

   Spells                             Type                      Level
   a - Confusing Touch                Hexes                        1
   b - Animate Skeleton               Necromancy                   1
   c - Summon Small Mammal            Summoning                    1
   d - Apportation                    Translocation                1


   Skills:
 * Level 2.0 Dodging
 + Level 1.7 Stealth
 * Level 4.8 Spellcasting
 * Level 5.0 Necromancy


You had 11 spell levels left.
You knew the following spells:

 Your Spells              Type           Power        Failure   Level  Hunger
a - Pain                  Necr           ###.         1%          1    N/A
b - Animate Skeleton      Necr           N/A          1%          1    N/A

Dungeon Overview and Level Annotations

Branches:
Dungeon (3/15)

Altars:
Ashenzari
Sif Muna
Uskayaw
Xom


Innate Abilities, Weirdness & Mutations

You do not eat or drink.
Your flesh is vulnerable to fire.
You are immune to poison.
Your flesh is cold resistant. (rC+)
You are immune to negative energy. (rN+++)
You are immune to unholy pain and torment.
You can survive without breathing.


Message History

The centaur shoots an arrow.
The arrow barely misses you.
Casting: Pain
Confirm with . or Enter, or press ? or * to list all spells.
Aiming: Pain
Press: ? - help, Shift-Dir - straight line, f/p - centaur
Aim: a centaur, wielding a shortbow (heavily wounded, chance to defeat MR: 80%)
The centaur barely resists.
The centaur shoots an arrow.
The arrow barely misses you.
Casting: Pain
Confirm with . or Enter, or press ? or * to list all spells.
Aiming: Pain
Press: ? - help, Shift-Dir - straight line, f/p - centaur
Aim: a centaur, wielding a shortbow (heavily wounded, chance to defeat MR: 80%)
The centaur writhes in agony!
The centaur shoots an arrow.
The arrow hits you!
* * * LOW HITPOINT WARNING * * *
Uskayaw will force your foes to share their pain.
As you read the scroll of fog, it crumbles to dust.
The scroll dissolves into smoke.
The centaur shoots an arrow.
The arrow hits you!
You die...

#!#......# #.# .$...# #.# ..c..
#.# ..... #####.##'#...##
#.....c).#.....
#####.########..... ##§§##..##
#..... ###.§@§c...######.....
#..§§§§§..............
############(...§§§............%.
#.....%......#.....>..#..........
#.######.....#........#..........
#...)..................#+######..
...###.#...............# ##+
#......#.....#........##
...#...#.%...##..##..##


You could see a centaur.

Vanquished Creatures
  6 gnolls
  3 adders
  2 orcs
  4 bats
  3 giant cockroaches
  6 goblins
  6 hobgoblins
  5 kobolds
  A quokka (D:2)
  A ball python (D:1)
  8 frilled lizards
  11 rats
  A butterfly (D:3)
57 creatures vanquished.

Vanquished Creatures (collateral kills)
  An ooze (D:3)
  A worm (D:2)
  A dart slug (D:2)
  A hobgoblin (D:2)
  A frilled lizard (D:3)
5 creatures vanquished.

Grand Total: 62 creatures vanquished

Notes
Turn   | Place    | Note
-------+----------+-------------------------------------------
     0 | D:1      | JrNeurotic the Mummy Necromancer began the quest for the Orb.
     0 | D:1      | Reached XP level 1. HP: 13/13 MP: 4/4
    21 | D:1      | Learned a level 1 spell: Animate Skeleton
   103 | D:1      | Reached XP level 2. HP: 18/19 MP: 0/5
  1063 | D:2      | Reached XP level 3. HP: 24/24 MP: 3/7
  1290 | D:2      | Found a hide-covered altar of Uskayaw.
  1652 | D:2      | Reached XP level 4. HP: 25/30 MP: 7/10
  1691 | D:2      | Found a deep blue altar of Sif Muna.
  1691 | D:2      | Found a shattered altar of Ashenzari.
  1889 | D:2      | Became a worshipper of Uskayaw the Reveler
  1976 | D:3      | Reached * piety under Uskayaw
  1990 | D:3      | Reached ** piety under Uskayaw
  2006 | D:3      | Found a shimmering altar of Xom.
  2113 | D:3      | Found a shattered altar of Ashenzari.
  2144 | D:3      | Reached skill level 5 in Necromancy
  2261 | D:3      | Reached XP level 5. HP: 31/35 MP: 0/12
  2356 | D:3      | Noticed a centaur
  2375 | D:3      | Reached *** piety under Uskayaw
  2378 | D:3      | HP: 1/35 [centaur/arrow (8)]
  2378 | D:3      | Reached **** piety under Uskayaw
  2379 | D:3      | Shot with an arrow by a centaur

Skill      XL: |  1  2  3  4 |
---------------+-------------+-----
Spellcasting   | 3 4 |  4.8
Dodging        | 2 |  2.0
Necromancy     | 5 |  5.0
Stealth        | |  1.7

Action                   |  1- 3 |  4- 6 || total
-------------------------+-------+-------++-------
Melee: Short sword       |    10 |     6 ||    16
 Cast: Pain              |   103 |    60 ||   163
       Animate Skeleton  |     7 |    10 ||    17
  Use: Scroll            |       |     6 ||     6
Armor: Robe              |     5 |    10 ||    15
Dodge: Dodged            |    24 |    37 ||    61
